 Dungeon Crawl Stone Soup version 0.30-a0-782-ge64f9170bb (webtiles) character file.

Game seed: 9063160218282037492

144 Angani the Grave Robber (level 5, -1/42 HPs)
             Began as a Draconian Necromancer on Feb 24, 2023.
             Slain by a gnoll
             ... wielding a +0 flail
              (7 damage)
             ... on level 1 of the Dungeon.
             The game lasted 00:03:35 (1486 turns).

Angani the Grave Robber (Draconian Necromancer)     Turns: 1486, Time: 00:03:35

Health: -1/42      AC:  6    Str: 10    XL:     5   Next: 5%
Magic:  2/8        EV: 12    Int: 18    God:
Gold:   45         SH:  0    Dex: 11    Spells: 7/8 levels left

rFire   . . .      SeeInvis .    h - +2 dagger (venom)
rCold   . . .      Faith    .    (no shield)
rNeg    . . .      Spirit   .    (body armour unavailable)
rPois   .          Reflect  .    (helmet restricted)
rElec   .          Harm     .    m - +0 cloak
rCorr   .          Rampage  .    (no gloves)
Will    .....                    (no boots)
Stlth   ++                       (no amulet)
HPRegen 0.27/turn                j - ring of wizardry
MPRegen 0.11/turn                (no ring)

@: no status effects
A: AC +5, unfitting armour, cold-blooded
a: no special abilities


You were on level 1 of the Dungeon.
You visited 1 branch of the dungeon, and saw 4 of its levels.

You collected 45 gold pieces.

Inventory:

Hand Weapons
 h - a +2 dagger of venom (weapon)
Armour
 m - a +0 cloak (worn)
 n - an orb of guile
Jewellery
 j - a ring of wizardry (left hand)
 k - a +4 ring of protection
Scrolls
 b - 2 scrolls of fog {unknown}
 e - a scroll of identify {unknown}
 g - 2 scrolls of immolation {unknown}
 l - a scroll of silence {unknown}
Potions
 a - a potion of magic
 c - 3 potions of flight {unknown}
 d - 2 potions of degeneration {unknown}
 f - 3 potions of curing {unknown}
 i - a potion of mutation {unknown}


   Skills:
 + Level 2.7 Fighting
 + Level 3.1 Dodging
 + Level 3.2 Stealth
 - Level 2.0 Spellcasting
 - Level 4.0 Necromancy


You had 7 spell levels left.
You knew the following spells:

 Your Spells              Type           Power      Damage    Failure   Level
a - Necrotise             Necr           64%        1d7       1%          1

Your spell library contained the following spells:

 Spells                   Type           Power      Damage    Failure   Level
 Vampiric Draining        Necr           16%        2d7       4%          3
 Animate Dead             Necr           16%        N/A       14%         4
 Agony                    Necr           16%        N/A       34%         5


Dungeon Overview and Level Annotations

Branches:
Dungeon (4/15)
 Temple: D:4-7

Altars:


Innate Abilities, Weirdness & Mutations

Your plain brown scales are hard. (AC +5)
You cannot fit into any form of body armour.
You are cold-blooded and may be slowed by cold attacks.


Message History

Aiming: Necrotise (safe; 1% risk of failure)
Press: ? - help, Q - select action Shift-Dir - straight line, f/p - gnoll
Aim: a gnoll, wielding a +0 flail (ally target, chance to affect: 80%)
The gnoll barely resists.
Your kobold skeleton completely misses the gnoll.
The gnoll barely misses you.
Aiming: Necrotise (safe; 1% risk of failure)
Press: ? - help, Q - select action Shift-Dir - straight line, f/p - gnoll
Aim: a gnoll, wielding a +0 flail (ally target, chance to affect: 80%)
The gnoll barely resists.
Your kobold skeleton closely misses the gnoll.
The gnoll hits you with a +0 flail!
You barely miss the gnoll.
The gnoll hits your kobold skeleton with a +0 halberd!
Your kobold skeleton is destroyed!
The gnoll hits you with a +0 flail.
You are too injured to fight recklessly!
You hit the gnoll.
The gnoll is poisoned.
You tail-slap the gnoll.
The gnoll is heavily wounded.
There is a stone staircase leading up here.
You feel a bit more experienced. The gnoll hits you with a +0 flail.
* * * LOW HITPOINT WARNING * * *
You have reached level 5!
You climb upwards.
There is a stone staircase leading down here.
Unknown command.
Unknown command.
You barely miss the gnoll. The gnoll hits you with a +0 flail.
* * * LOW HITPOINT WARNING * * *
You hit the gnoll.
The gnoll is poisoned.
The gnoll is moderately wounded.
The gnoll hits you but does no damage.
You barely miss the gnoll.
The gnoll is moderately wounded.
The gnoll hits you with a +0 flail.
* * * LOW HITPOINT WARNING * * *
You hit the gnoll.
The gnoll looks as sick as possible!
The gnoll is severely wounded.
The gnoll hits you with a +0 flail!
You die...

#.# ###..'...'..### ########.#
####.<.#### #........#
###..'...'..########
#........###.)####'####..##....
###........##.### #.# ###.#...#
............#### ###.#######.†.##
###............###............##
...........######...##..#######
######......###.@.......##
####.............g#.....)#####
.....#.......................#
.....#.......................#
.....#.......#....#..........####
.....#...........................
.....#.......#######.(#..........
.............# ##...............
..........##.####...#.#..........


You could see a gnoll (extremely poisoned).

Vanquished Creatures
  5 gnolls
  3 adders
  5 dart slugs
  4 orcs (D:3)
  4 endoplasms
  A giant cockroach (D:1)
  7 goblins
  4 hobgoblins
  2 jackals (D:1)
  3 quokkas (D:1)
  3 ball pythons
  5 bats
  3 frilled lizards
  4 kobolds
  2 rats (D:1)
55 creatures vanquished.

Vanquished Creatures (collateral kills)
  A jackal (D:1)
  A bat (D:1)
2 creatures vanquished.

Grand Total: 57 creatures vanquished

Notes
Turn   | Place    | Note
-------+----------+-------------------------------------------
     0 | D:1      | Angani the Draconian Necromancer began the quest for the
                  | Orb.
     0 | D:1      | Reached XP level 1. HP: 14/14 MP: 3/3
    93 | D:1      | Reached skill level 1 in Fighting
    93 | D:1      | Reached XP level 2. HP: 21/23 MP: 0/5
   566 | D:1      | Reached XP level 3. HP: 28/28 MP: 6/6
   992 | D:2      | Reached XP level 4. HP: 36/36 MP: 7/7
  1001 | D:2      | Identified the +1 leather armour "Lofur" {Will+ Int+3
                  | Dex-5}
  1036 | D:2      | You fall into a shaft and drop 2 floors!
  1201 | D:2      | Noticed a black bear
  1482 | D:2      | Reached XP level 5. HP: 12/42 MP: 2/8
  1486 | D:1      | Slain by a gnoll

Illustrated notes

Levels and vault maps discovered:
D:1:      dpeg_arrival_radiant, layout_rooms, nrook_mini_backslash
D:2:      layout_rooms, st_stairs_5, kennysheep_pointless_box,
          nrook_loot_triangle
D:3:      layout_loops_cross, nzn_wu_jian_council_hall, corexii_leaking_fountain
D:4:      layout_rooms, biasface_ghost_orc_armoury, minmay_misc_feat_pillars,
          nicolae_hexahallways, nicolae_stop_n_shop_1, nicolae_stop_n_shop_1,
          minmay_shop_damaged, nicolae_shop_overcharged_wands

Skill      XL: |  1  2  3  4 |
---------------+-------------+-----
Stealth        | 2 3 |  3.2
Dodging        | 2 3 |  3.1
Fighting       | 1 2 |  2.7
Spellcasting   | |  2.0
Necromancy     | |  4.0

Action                     |  1- 3 |  4- 6 || total
---------------------------+-------+-------++-------
  Melee: Unarmed           |    42 |       ||    42
         Tailslap          |     9 |     4 ||    13
         Dagger            |    35 |    46 ||    81
         Punch             |       |     1 ||     1
   Cast: Necrotise         |    36 |    11 ||    47
 Armour: Skin              |    32 |     6 ||    38
  Dodge: Dodged            |    81 |    22 ||   103

Table legend: (Time is in decaauts)
 A = Elapsed time spent in this place.
 B = Non-inter-level travel time spent in this place.
 C = Inter-level travel time spent in this place.
 D = Time resting spent in this place.
 E = Time spent auto-exploring this place.
 F = Levels seen in this place.
 G = Mean time per level.
                   A        B        C        D        E       F      G
               +--------+--------+--------+--------+--------+-----+--------+
         Total |   1489 |   1475 |     14 |    160 |    884 |   4 |  372.2 |
       Dungeon |   1489 |   1475 |     14 |    160 |    884 |   4 |  372.2 |
               +--------+--------+--------+--------+--------+-----+--------+

Top non-repeatable levels by time:
     D:1: 785 daAuts
     D:2: 342 daAuts
     D:3: 272 daAuts
     D:4: 89 daAuts
